 Dungeon Crawl Stone Soup version 0.21-a0-509-gecc5317 (webtiles) character file.

99 Laiders the Cudgeler (level 4, 0/23 HPs)
             Began as a Vine Stalker Fighter on Nov 30, 2017.
             Slain by a gnoll
             ... wielding a +0 spear
              (2 damage)
             ... on level 2 of the Dungeon.
             The game lasted 00:07:28 (1426 turns).

Laiders the Cudgeler (Vine Stalker Fighter)         Turns: 1426, Time: 00:07:29

Health: 0/23       AC:  6    Str: 21 (23) XL:     4   Next: 72%
Magic:  0/9        EV:  7    Int:  8 (9)  God:
Gold:   75         SH:  9    Dex: 11 (14) Spells: 8/8 levels left

rFire    . . .     SeeInvis .   j - +3 spear
rCold    . . .     Gourm    .   c - +0 shield
rNeg     . . .     Faith    .   b - +0 scale mail
rPois    .         Spirit   +   (no helmet)
rElec    .         Reflect  .   (no cloak)
rCorr    .         Harm     .   (no gloves)
MR       .....                  (no boots)
Stlth    ..........             (no amulet)
HPRegen  0.47/turn              (no ring)
MPRegen  0.11/turn              (no ring)

@: mighty, flying
A: fangs 2, regeneration 1, magic shield, antimagic bite, no potion heal 3, rot
immunity
a: no special abilities


You were on level 2 of the Dungeon.
You were not hungry.

You visited 1 branch of the dungeon, and saw 2 of its levels.

You collected 75 gold pieces.

Inventory:

Hand Weapons
 a - a +0 flail
 j - a +3 spear (weapon)
Armour
 b - a +0 scale mail (worn)
 c - a +0 shield (worn)
Scrolls
 g - 2 scrolls of identify {unknown}
 i - a scroll of amnesia {unknown}
 k - a scroll of blinking {unknown}
 m - a scroll of enchant armour {unknown}
 n - 2 scrolls of enchant weapon {unknown}
 p - 2 scrolls of teleportation
 t - 2 scrolls of remove curse {unknown}
 v - a scroll of fog {unknown}
 y - a scroll of magic mapping {unknown}
Potions
 e - a potion of flight
 h - a potion of agility {unknown}
 l - a potion of heal wounds {unknown}
 o - 2 potions of curing {unknown}
 q - a potion of degeneration
 u - a potion of cancellation {unknown}
 w - a potion of mutation {unknown}
 z - a potion of ambrosia {unknown}
Comestibles
 f - 2 bread rations
 r - a meat ration
 s - 2 chunks of flesh
 x - a royal jelly


   Skills:
 - Level 2.6 Fighting
 - Level 3.2 Maces & Flails
 + Level 0.3 Polearms
 - Level 2.4 Armour
 - Level 2.6 Shields
 + Level 2.8 Spellcasting


You had 8 spell levels left.
You didn't know any spells.

Dungeon Overview and Level Annotations

Branches:
Dungeon (2/15)

Altars:


Innate Abilities, Weirdness & Mutations

You have extremely sharp teeth.
Your natural rate of healing is unusually fast.
When hurt, damage is shared between your health and your magic reserves.
Your bite disrupts and absorbs the magic of your enemies.
Potions cannot restore your health.
You are immune to rotting.


Message History

Your bite misses the gnoll.
The gnoll hits you from afar with a spear!
* * * LOW HITPOINT WARNING * * *
The gnoll barely misses you.
It was a potion of flight.
You feel very buoyant.
You fly up into the air.
The gnoll hits you from afar with a spear.
* * * LOW HITPOINT WARNING * * *
You feel very mighty all of a sudden. The gnoll hits you with a flail.
* * * LOW HITPOINT WARNING * * *
The gnoll hits you from afar with a spear.
* * * LOW HITPOINT WARNING * * *
It was a potion of degeneration.
There was something very wrong with that liquid.
You feel weakened.
You feel dopey.
You feel clumsy. You block the gnoll's attack.
The gnoll hits you from afar with a spear.
You die...

...........#.# #......#
#...... ############.#
#......# #######
.............# #......#
################......#
.............รท(.......#
################......#
...............#.#######
...............#.# ..#
############.#.#@# ...#
#...#g# ....#
#######g#.....#
#......g......#
#.............#
#?........#####
#.........# #..........
...?........


You could see 3 gnolls.

Vanquished Creatures
  Jessica (D:2)
  An adder (D:2)
  2 gnolls (D:2)
  A worm (D:2)
  A leopard gecko (D:1)
  A ball python (D:2)
  2 bats
  4 giant cockroaches
  5 goblins
  3 hobgoblins (D:2)
  6 jackals
  4 kobolds (D:2)
  3 frilled lizards (D:1)
  4 rats
38 creatures vanquished.

Notes
Turn   | Place    | Note
-------+----------+-------------------------------------------
     0 | D:1      | Laiders the Vine Stalker Fighter began the quest for the Orb.
     0 | D:1      | Reached XP level 1. HP: 11/11 MP: 2/2
   194 | D:1      | Reached skill level 2 in Maces & Flails
   198 | D:1      | Reached skill level 1 in Spellcasting
   198 | D:1      | Reached XP level 2. HP: 16/16 MP: 2/4
   733 | D:2      | Reached XP level 3. HP: 19/19 MP: 6/6
  1109 | D:2      | Noticed Jessica
  1115 | D:2      | Killed Jessica
  1115 | D:2      | Reached skill level 3 in Maces & Flails
  1115 | D:2      | Gained mutation: Your natural rate of healing is unusually fast. [Vine Stalker growth]
  1115 | D:2      | Reached XP level 4. HP: 22/23 MP: 8/8
  1425 | D:2      | HP: 1/23 [gnoll/spear (1)]
  1426 | D:2      | Slain by a gnoll

Vault maps used:
D:1:      dpeg_arrival_rooms_c
D:2:      minmay_wonky_spiral, lemuel_tele_altar, uniq_jessica

Skill      XL: |  1  2  3 |
---------------+----------+-----
Maces & Flails | 2 3 |  3.2
Spellcasting   | 1 2 |  2.8
Fighting       | |  2.6
Polearms       | |  0.3
Armour         | |  2.4
Shields        | |  2.6

Action                   |  1- 3 |  4- 6 || total
-------------------------+-------+-------++-------
Melee: Flail             |    31 |       ||    31
       Bite              |    12 |     6 ||    18
       Spear             |    34 |    22 ||    56
  Use: Scroll            |     1 |       ||     1
       Potion            |       |     3 ||     3
  Eat: Chunk             |     1 |     1 ||     2
Armor: Scale mail        |    24 |     1 ||    25
Dodge: Dodged            |    20 |     8 ||    28
Block: Shield            |    35 |    11 ||    46

Table legend:
 A = Spawn XP
 B = Non-spawn XP
 C = Spawn XP percentage of total XP
 D = Spawn monster count
 E = Non-spawn monster count
 F = Spawn count percentage of total count
 G = Total turns spent on level
                    A         B        C        D         E        F      G
               +---------+---------+-------+---------+---------+-------+---------
         Total |       0 |     142 |   0.0 |       0 |      38 |   0.0 |  1426
               +---------+---------+-------+---------+---------+-------+---------
           D:1 |       0 |      27 |   0.0 |       0 |      15 |   0.0 |   654
           D:2 |       0 |     115 |   0.0 |       0 |      23 |   0.0 |   772
               +---------+---------+-------+---------+---------+-------+---------
